Map: Kairos Junction LE

Players

HelloFriend - Winner!

  • Race: Terran Terran
  • League: Platinum
  • Spawn Location: 11:00

Sketchaphone

  • Race: Zerg Zerg
  • Spawn Location: 5:00

VOD

Have the link to the VOD?

Description

Time

  • Played on: Jan. 23, 2019, 8:14 p.m.
  • Length: 12:15
Show
View Real Time Build Order
Export as new Build Order

HelloFriend Terran - Winner!

Build Orders: Hellion Opening 

Get SALT Encoding   

  12  0:01  SCV  
  13  0:13  SCV  
  14  0:17  Supply Depot  
  14  0:25  SCV  
  15  0:31  Refinery  
  15  0:39  SCV  
  16  0:44  Barracks  
  16  0:51  SCV  
  17  1:06  SCV  
  18  1:18  SCV  
  19  1:30  SCV  
  20  1:40  Reaper  
  20  1:42  Orbital Command  
  21  1:50  Command Center  
  20  2:11  SCV  
  20  2:15  Barracks Reactor  
  21  2:16  Factory  
  21  2:17  Refinery  
  21  2:23  SCV, Supply Depot  
  22  2:35  SCV  
  23  2:56  SCV  
  24  3:08  SCV  
  29  3:13  Hellion x2  
  29  3:14  Marine  
  29  3:18  Orbital Command  
  30  3:20  SCV  
  31  3:30  Command Center  
  31  3:32  Marine  
  34  3:34  Hellion x2  
  34  3:38  SCV  
  37  3:47  Supply Depot  
  37  3:49  SCV  
  37  3:50  SCV  
  41  3:55  Hellion  
  41  3:58  Hellion  
  41  4:01  SCV  
  44  4:04  SCV  
  44  4:08  Barracks Tech Lab  
  45  4:13  SCV  
  45  4:16  SCV  
  45  4:44  Hellion x2, Orbital Command  
  46  4:50  Barracks  
  46  4:52  Barracks  
  46  4:55  Barracks  
  46  4:57  Barracks, Stimpack  
  46  5:02  Starport, SCV x2  
  46  5:04  Refinery  
  46  5:05  Hellion  
  46  5:06  Hellion, Refinery  
  52  5:10  SCV  
  53  5:14  SCV x2  
  55  5:21  Engineering Bay  
  55  5:24  Engineering Bay  
  55  5:28  Supply Depot x2  
  57  5:36  Hellion x2  
  59  5:46  Barracks Reactor  
  59  5:47  Barracks Reactor x3  
  57  5:57  Hellion x2  
  57  5:58  SCV x2  
  57  5:59  SCV  
  62  6:04  Starport Reactor  
  60  6:16  SCV x3  
  63  6:19  Marauder  
  63  6:23  Marine x3  
  63  6:24  Marine x5  
  73  6:27  Terran Infantry Weapons Level 1  
  73  6:28  SCV x2  
  73  6:31  Terran Infantry Armor Level 1  
  75  6:39  Marine  
  75  6:41  Marine x2  
  78  6:47  Orbital Command  
  78  6:49  Marine x6  
  84  6:57  Marine  
  84  6:58  Medivac  
  85  7:16  Combat Shield  
  85  7:23  Supply Depot  
  85  7:44  Medivac, Marine x4, SCV x2  
  85  7:48  Supply Depot  
  85  7:50  Supply Depot x2  
  85  7:51  Supply Depot  
  93  7:53  Armory, Supply Depot  
  93  8:08  SCV x2  
  93  8:10  Medivac, Marauder, Marine x3, SCV  
  81  8:20  SCV x2  
  81  8:22  SCV  
  81  8:32  Marauder, SCV x2  
  85  8:34  SCV  
  86  8:41  Marine  
  86  8:42  Marine x6  
  86  8:43  Medivac x2, Marine  
  86  8:44  SCV x2  
  86  8:45  Terran Infantry Weapons Level 2, Terran Infantry Armor Level 2  
  86  8:46  SCV  
  101  8:51  Supply Depot  
  101  8:52  Supply Depot x2  
  101  8:53  Marauder  
  103  8:56  SCV x2  
  103  8:58  SCV  
  103  8:59  Marine x3, Supply Depot  
  103  9:00  Marine x4  
  113  9:08  SCV x2  
  115  9:10  SCV  
  115  9:13  Medivac x2  
  115  9:14  Marauder  
  116  9:19  Orbital Command  
  116  9:24  Marine x8  
  104  9:29  Widow Mine x2  
  115  9:36  Marauder  
  117  9:42  Marine x4  
  117  9:43  Medivac x2  
  117  9:44  SCV  
  127  9:45  SCV x2  
  127  9:46  Marine x2  
  130  9:56  SCV  
  130  9:57  Marauder  
  133  10:11  Marine  
  133  10:12  Marine x7  
  141  10:19  Marauder  
  143  10:23  SCV  
  143  10:24  SCV x2  
  128  10:29  Marine x4  
  128  10:33  Marine x3  
  128  10:34  Marine  
  128  10:35  SCV  
  133  10:36  SCV x2  
  133  10:40  Marauder  
  137  10:47  Marine x4, SCV  
  137  10:48  SCV  
  143  11:01  Marauder  
  142  11:22  SCV x3  
  142  11:23  Marauder  
  144  11:34  SCV x2  
  138  12:07  Supply Depot  
  138  12:08  Supply Depot  
  147  12:09  Supply Depot  
Show
View Real Time Build Order
Export as new Build Order

Sketchaphone Zerg 

Build Orders: Hatch First 

Get SALT Encoding   

  12  0:01  Drone  
  13  0:12  Overlord  
  13  0:17  Drone  
  14  0:31  Drone x2  
  14  0:34  Drone  
  17  0:56  Hatchery  
  16  0:57  Drone  
  16  1:01  Extractor  
  16  1:02  Drone  
  17  1:20  Spawning Pool  
  16  1:26  Drone  
  16  1:29  Drone x2  
  19  1:44  Drone  
  20  1:55  Overlord  
  20  2:06  Drone  
  20  2:13  Queen  
  20  2:14  Queen  
  24  2:17  Metabolic Boost  
  25  2:22  Drone  
  25  2:24  Zergling x2  
  25  2:29  Drone  
  28  2:30  Drone  
  28  2:33  Zergling x2  
  28  2:36  Drone  
  29  2:49  Spine Crawler  
  29  2:58  Queen  
  29  2:59  Drone  
  29  3:03  Pneumatized Carapace, Drone x2  
  29  3:04  Drone x2  
  36  3:20  Overlord  
  36  3:33  Hatchery  
  35  3:48  Overlord  
  35  3:49  Overlord, Drone  
  35  3:51  Drone x4  
  40  4:02  Drone x2  
  42  4:08  Baneling Nest  
  40  4:11  Queen x2  
  40  4:15  Spine Crawler  
  40  4:17  Spine Crawler  
  32  4:44  Drone x2  
  34  4:46  Drone x2  
  36  4:53  Zergling x4  
  36  4:58  Drone x2  
  40  5:04  Overlord, Drone x2  
  43  5:07  Zergling x4  
  43  5:11  Zergling x2  
  43  5:12  Zergling x2  
  46  5:20  Lair  
  46  5:23  Zergling x6  
  46  5:27  Zergling x4  
  51  5:31  Drone x2  
  51  5:34  Drone  
  52  5:43  Baneling  
  52  5:46  Baneling x3  
  52  5:52  Spine Crawler  
  48  6:23  Evolution Chamber, Zergling x6  
  50  6:25  Evolution Chamber  
  50  6:27  Queen  
  50  6:29  Drone  
  50  6:30  Overlord x2, Drone x3  
  50  6:31  Zergling x4  
  50  6:32  Drone x2  
  59  6:34  Zergling x2  
  59  6:37  Drone  
  59  6:39  Zergling x4  
  59  7:00  Drone x3  
  59  7:01  Drone  
  61  7:14  Spine Crawler  
  61  7:15  Spine Crawler  
  58  7:18  Spine Crawler  
  58  7:22  Zergling x2  
  58  7:23  Zergling x20  
  68  7:33  Centrifical Hooks  
  68  7:35  Zerg Melee Weapons Level 1  
  68  7:38  Extractor  
  68  7:40  Drone  
  68  7:41  Drone x3  
  71  8:01  Zergling x10  
  71  8:02  Zergling x4  
  78  8:07  Baneling  
  78  8:08  Baneling x7  
  74  8:22  Queen  
  74  8:23  Queen x2  
  72  8:41  Zergling x6  
  72  8:43  Zergling x16  
  66  9:22  Zergling x2  
  66  9:23  Zergling x4  
  53  9:25  Spine Crawler, Drone  
  53  9:26  Drone  
  53  9:27  Spine Crawler x2  
  52  9:34  Drone x2  
  49  9:40  Zergling x8  
  49  9:45  Drone  
  50  9:53  Zergling x2  
  51  10:00  Baneling x3  
  51  10:01  Zergling x2, Baneling x3  
  51  10:03  Overlord  
  52  10:07  Zergling x2  
  47  10:21  Hatchery  
  38  10:30  Drone x7  
  45  10:39  Queen  
  45  10:40  Queen  
  49  10:51  Zergling x12  
  55  11:01  Hatchery  
  55  11:02  Zergling x6  
  57  11:06  Spine Crawler  
  57  11:07  Spine Crawler  
  57  11:08  Zergling x2  
  57  11:15  Zergling x2  
  53  11:19  Zergling x2  
  53  11:20  Baneling x2  
  53  11:23  Baneling  
  53  11:24  Baneling x5  
  53  11:25  Hatchery  
  19  11:43  Overlord  
  17  11:50  Zergling x4  
Tags
 
Add a new tag
Caveats
  • Supply blocks, unpowered buildings, or Contaminate may cause inaccurate times.
  • Supply counts are checked every 10 seconds.